 Dungeon Sprint DCSS version 0.19.1-1-g22dce08 (webtiles) character file.

242154 Groucho the Hoplite (level 17, -7/291 HPs)
             Began as a Deep Dwarf Fighter on Jan 7, 2017.
             Was the Champion of Makhleb.
             Killed from afar by Ereshkigal (15 damage)
             ... with a bolt of cold
             ... in the Dungeon (Sprint IX: "|||||||||||||||||||||||||||||").
             The game lasted 00:26:38 (7678 turns).

Groucho the Hoplite (Deep Dwarf Fighter)            Turns: 7678, Time: 00:26:39

Health: -7/291     AC: 37    Str: 43    XL:     17   Next: 56%
Magic:  21/21      EV: 31    Int:  7    God:    Makhleb [******]
Gold:   895        SH: 26    Dex: 27    Spells: 0 memorised, 16 levels left

rFire  + . .     SeeInvis .     z - +8 war axe of the Demons {chop, rElec rF+ Str+7 Int-3}
rCold  . . .     Gourm    .     a - +5 plate armour
rNeg   + . .     Faith    .     h - +4 shield of the Equator {MR+}
rPois  .         Spirit   .     M - +1 helmet
rElec  +         Reflect  .     Q - +0 cloak "Pasoh" {MR- Str+2 Dex+9}
rCorr  .         Harm     .     b - +0 pair of gloves
MR     ++...     NoTele   +     L - +1 pair of boots
Stlth  ..........               O - amulet of rage
                                y - +2 ring of slaying
                                u - +4 ring of strength

@: mighty, agile, berserking (expiring), very slightly contaminated,
non-regenerating, hasted, drained, very quick
A: damage resistance, recharge devices, negative energy resistance 1, sense
surroundings 2, slow regeneration 3
a: Device Recharging, Minor Destruction, Lesser Servant of Makhleb, Major
Destruction, Greater Servant of Makhleb, Renounce Religion, Evoke Berserk Rage
}: 4/15 runes: decaying, serpentine, barnacled, gossamer


You were in the Dungeon.
You worshipped Makhleb.
Makhleb was exalted by your worship.
You were not hungry.

You visited 1 branch You collected 1947 gold pieces.
You spent 1052 gold pieces at shops.

Inventory:

Hand Weapons
 q - a +3 war axe of chopping
 r - a +4 vampiric war axe
 z - the +8 war axe of the Demons (weapon) {chop, rElec rF+ Str+7 Int-3}
   (You bought it in a shop in the Dungeon)

   It inflicts extra damage upon your enemies.
   It affects your strength (+7).
   It affects your intelligence (-3).
   It protects you from fire.
   It insulates you from electricity.
 P - a +7 broad axe
Missiles
 v - 21 tomahawks
 x - 12 javelins (quivered)
 D - 39 javelins of penetration
 S - 14 steel javelins
Armour
 a - a +5 plate armour (worn)
 b - a +0 pair of gloves (worn)
 h - the +4 shield of the Equator (worn) {MR+}
   (You found it in the Dungeon)

   It affects your resistance to hostile enchantments.
 L - a +1 pair of boots (worn)
 M - a +1 helmet (worn)
 Q - the +0 cloak "Pasoh" (worn) {MR- Str+2 Dex+9}
   (You found it in the Dungeon)

   It affects your strength (+2).
   It affects your dexterity (+9).
   It affects your resistance to hostile enchantments.
 T - a +0 shield of reflection
Jewellery
 s - a +3 ring of dexterity
 t - a +3 ring of strength
 u - a +4 ring of strength (left hand)
 y - a +2 ring of slaying (right hand)
 K - an uncursed ring of magical power
 N - an uncursed ring of wizardry
 O - an amulet of rage (around neck)
Wands
 e - a wand of heal wounds (4/9)
 p - a wand of lightning (9/15)
Scrolls
 l - 5 scrolls of blinking
 n - 6 scrolls of remove curse
 o - 3 scrolls of amnesia
 w - 5 scrolls of fear
 A - 7 scrolls of identify
 F - 11 scrolls of enchant armour
 H - a scroll of magic mapping
 J - 6 scrolls of fog
 W - a scroll of acquirement {unknown}
Potions
 c - 3 potions of heal wounds
 d - a potion of might
 g - 6 potions of curing
 i - a potion of haste
 j - 5 potions of magic
 k - 3 potions of berserk rage
 m - a potion of invisibility
 G - 2 potions of brilliance
 I - a potion of degeneration {unknown}
 R - 3 potions of cure mutation
Books
 V - a book of Debilitation

   Spells                             Type                      Level
   a - Corona                         Hexes                        1
   b - Slow                           Hexes                        2
   c - Gell's Gravitas                Hexes/Translocation          3
   d - Inner Flame                    Hexes/Fire                   3
   e - Cause Fear                     Hexes                        4
   f - Leda's Liquefaction            Hexes/Earth                  4
Comestibles
 f - 13 bread rations
 B - 38 fruits
 C - 7 meat rations
 U - a slice of pizza


   Skills:
 * Level 22.7(22.2) Fighting
 + Level 22.2(21.6) Axes
 + Level 14.3(13.8) Throwing
 * Level 26.1(25.5) Armour
 + Level 16.6(16.1) Dodging
 * Level 26.1(25.5) Shields
 + Level 25.3(24.7) Evocations


You had 16 spell levels left.
You didn't know any spells.

Dungeon Overview and Level Annotations

Branches:
Dungeon (1/1)

Altars:
Cheibriados
Dithmenos
Elyvilon
Fedhas
Gozag
Hepliaklqana
Kikubaaqudgha
Makhleb
Nemelex Xobeh
Okawaru
Qazlal
Ru
Sif Muna
Trog
Uskayaw
Vehumet
Xom
Yredelemnul
Zin
The Shining One
Beogh
Jiyva
Lugonu

Shops:
D ?((

Annotations:
D Ereshkigal


Innate Abilities, Weirdness & Mutations

You are resistant to damage.
You can recharge devices by infusing magical energy.
You resist negative energy. (rN+)
You passively map the area around you.
You do not regenerate.


Message History

Ereshkigal hits you!
* * * LOW HITPOINT WARNING * * *
Ereshkigal hits you.
* * * LOW HITPOINT WARNING * * *
The tormentor calls on the powers of darkness!
Your body is wracked with pain!
* * * LOW HITPOINT WARNING * * *
Ereshkigal hits you!!
* * * LOW HITPOINT WARNING * * *
Ereshkigal completely misses you. Ereshkigal hits you!
* * * LOW HITPOINT WARNING * * *
You can move again.
You miss Ereshkigal.
Ereshkigal is moderately wounded.
You open Ereshkigal like a pillowcase!!!
Ereshkigal is heavily wounded.
Ereshkigal shouts, "Back with thee whilst life thou hast!"
Ereshkigal gestures at you. The bolt of cold hits you!
You die...

.▓.▓.▓.▓.▓.▓'▓.▓ * *
, .▓.▓.▓.▓.▓.▓.▓.▓.▓
.▓.▓.▓.▓.▓.▓.▓.▓}▓ ,
.▓.▓.▓.▓.▓.▓.▓.▓φ▓,
* * * *
.▓.▓.▓.▓.▓.▓.▓.▓)▓,
, ,
.▓.▓'▓.▓.▓.▓.▓.▓:▓ *
.▓.▓.▓.▓'▓.▓.▓)▓2▓
*, , ,
.▓.▓.▓.▓.▓.▓.▓)▓&▓,
, *
'▓.▓.▓.▓.▓.▓.▓)▓@▓ *
* *,
.▓.▓.▓.▓.▓.▓[▓.▓)▓ *
* *
.▓.▓.▓.▓.▓.▓)▓.▓)▓,
,* , *
.▓.▓.▓.▓.▓.▓)▓.▓.▓,*
* *,* *
.▓.▓.▓.▓.▓.▓)▓.▓.▓,
, ,*
.▓.▓)▓.▓.▓.▓)▓.▓(▓ *
,*, ,
.▓.▓.▓.▓.▓[▓'▓.▓)▓,
)▓.▓.▓.▓.▓.▓.▓.▓(▓ *
, )▓.▓.▓)▓.▓.▓.▓.▓.▓
* , *


You could see Ereshkigal and a tormentor.

Vanquished Creatures
  Mara (D)
  An ancient lich (D)
  Sojobo (D)
  A greater mummy (D)
  Margery (D)
  Boris (D)
  Saint Roka (D)
  Frederick (D)
  A golden dragon (D)
  Rupert (D)
  An Orb Guardian (D)
  2 quicksilver dragons (D)
  Gastronok (D)
  2 thorn hunters (D)
  Frances (D)
  5 shadow dragons (D)
  2 tengu reavers (D)
  Donald (D)
  5 nagarajas (D)
  Ilsuiw (D)
  A fire giant (D)
  A frost giant (D)
  A ghost moth (D)
  A vault warden (D)
  4 emperor scorpions (D)
  3 ironheart preservers (D)
  3 stone giants (D)
  2 entropy weavers (D)
  2 very ugly things (D)
  Azrael (D)
  A deep elf death mage (D)
  4 merfolk javelineers (D)
  4 merfolk impalers (D)
  Snorg (D)
  An ettin (D)
  25 vault guards (D)
  An ogre mage (D)
  5 yaktaur captains (D)
  A great orb of eyes (D)
  A rakshasa (D)
  6 hydras (D)
  3 merfolk aquamancers (D)
  Erolcha (D)
  2 naga warriors (D)
  2 death knights (D)
  Erica (D)
  3 centaur warriors (D)
  2 merfolk avatars (D)
  A deep troll shaman (D)
  A tengu warrior (D)
  2 deep troll earth magi (D)
  A vampire mage (D)
  4 hell knights (D)
  A shock serpent (D)
  A deep elf knight (D)
  4 orc high priests (D)
  A shadow wraith (D)
  A spriggan druid (D)
  A flayed ghost (D)
  3 sea snakes (D)
  A deep elf archer (D)
  6 orc knights (D)
  A phantasmal warrior (D)
  A glowing orange brain (D)
  5 swamp dragons (D)
  A wizard (D)
  3 ironbrand convokers (D)
  2 necromancers (D)
  2 naga ritualists (D)
  3 ugly things (D)
  An orb spider (D)
  2 wolf spiders (D)
  2 mana vipers (D)
  A salamander (D)
  8 elephants (D)
  A cyclops (D)
  A salamander (shapeshifter) (D)
  4 moths of wrath (D)
  Maurice (D)
  2 sirens (D)
  3 black mambas (D)
  3 naga magi (D)
  4 vault sentinels (D)
  A guardian serpent (D)
  3 spiny frogs (D)
  4 yaktaurs (D)
  A komodo dragon (D)
  A freezing wraith (D)
  2 demonic crawlers (D)
  A tengu conjurer (D)
  3 trolls (D)
  2 jumping spiders (D)
  A merfolk (D)
  A two-headed ogre (D)
  A blink frog (D)
  2 hornets (D)
  A hippogriff (shapeshifter) (D)
  2 bog bodies (D)
  2 slime creatures (D)
  A tarantella (D)
  5 redbacks (D)
  A wyvern (D)
  A wraith (D)
  A vampire (D)
  2 yaks (D)
  3 fire elementals (D)
  A basilisk (D)
  A basilisk (shapeshifter) (D)
  A vampire mosquito (D)
  A mottled dragon (D)
  3 nagas (D)
  3 porcupines (D)
  3 hell hounds (D)
  4 water moccasins (D)
  6 orc warriors (D)
  2 swamp drakes (D)
  An ice beast (D)
  2 wolves (D)
  An ogre (D)
  A boggart (D)
  2 crocodiles (D)
  A bullfrog (D)
  12 orc priests (D)
  4 orc wizards (D)
  An iguana (D)
  An adder (D)
  A shadow imp (D)
  A leopard gecko (D)
  13 orcs (D)
  2 bat zombies (D)
  A hobgoblin (D)
  2 quokkas (D)
  2 frilled lizards (D)
  2 jackal skeletons (D)
  2 rats (D)
312 creatures vanquished.

Vanquished Creatures (others)
  A merfolk aquamancer (D)
  A vampire mosquito (D)
  A swamp drake (D)
3 creatures vanquished.

Grand Total: 315 creatures vanquished

Notes
Turn   | Place    | Note
-------+----------+-------------------------------------------
     0 | D        | Groucho the Deep Dwarf Fighter began the quest for the Orb.
     0 | D        | Reached XP level 1. HP: 20/20 MP: 1/1
     5 | D        | Reached skill level 1 in Evocations
    20 | D        | Noticed a water moccasin
    45 | D        | Killed a water moccasin
    45 | D        | Reached skill level 5 in Armour
    45 | D        | Reached skill level 5 in Shields
    45 | D        | Reached skill level 5 in Evocations
    45 | D        | Reached XP level 2. HP: 26/31 MP: 2/5
    45 | D        | Reached XP level 3. HP: 31/37 MP: 2/6
    45 | D        | Reached XP level 4. HP: 38/45 MP: 2/7
    66 | D        | Found a roughly hewn altar of Beogh.
    66 | D        | Found a snail-covered altar of Cheibriados.
    66 | D        | Found a shadowy altar of Dithmenos.
    66 | D        | Found a white marble altar of Elyvilon.
    66 | D        | Found a blossoming altar of Fedhas.
    66 | D        | Found an opulent altar of Gozag.
    67 | D        | Found a hazy altar of Hepliaklqana.
    68 | D        | Found a viscous altar of Jiyva.
    69 | D        | Found an ancient bone altar of Kikubaaqudgha.
    70 | D        | Found a corrupted altar of Lugonu.
    71 | D        | Found a burning altar of Makhleb.
    72 | D        | Found a sparkling altar of Nemelex Xobeh.
    79 | D        | Found an iron altar of Okawaru.
    80 | D        | Found a stormy altar of Qazlal.
    81 | D        | Found a sacrificial altar of Ru.
    82 | D        | Found a deep blue altar of Sif Muna.
    83 | D        | Found a bloodstained altar of Trog.
    84 | D        | Found a hide-covered altar of Uskayaw.
    85 | D        | Became a worshipper of Makhleb the Destroyer
    86 | D        | Found a radiant altar of Vehumet.
    87 | D        | Found a shimmering altar of Xom.
    88 | D        | Found a basalt altar of Yredelemnul.
    89 | D        | Found a glowing silver altar of Zin.
    90 | D        | Found a glowing golden altar of the Shining One.
   346 | D        | Noticed a troll
   346 | D        | Noticed an ice beast
   349 | D        | Killed an ice beast
   349 | D        | Reached skill level 5 in Fighting
   349 | D        | Reached skill level 5 in Axes
   349 | D        | Reached XP level 5. HP: 43/52 MP: 7/9
   362 | D        | Killed a troll
   362 | D        | Reached * piety under Makhleb
   362 | D        | Reached XP level 6. HP: 37/63 MP: 8/12
   488 | D        | Noticed a mottled dragon
   488 | D        | Noticed a vampire
   488 | D        | Noticed a wyvern
   488 | D        | Noticed a death knight
   488 | D        | Noticed a centaur warrior
   496 | D        | Killed a centaur warrior
   496 | D        | Reached ** piety under Makhleb
   496 | D        | Reached skill level 10 in Evocations
   496 | D        | Reached XP level 7. HP: 36/73 MP: 12/14
   496 | D        | Reached XP level 8. HP: 40/81 MP: 12/15
   512 | D        | Killed a death knight
   512 | D        | Reached skill level 10 in Armour
   512 | D        | Reached skill level 10 in Shields
   515 | D        | Reached *** piety under Makhleb
   515 | D        | Reached skill level 10 in Axes
   517 | D        | Gained mutation: You passively map the area around you. [Deep Dwarf growth]
   517 | D        | Reached XP level 9. HP: 67/91 MP: 14/17
   645 | D        | Noticed Erica
   655 | D        | Killed Erica
   705 | D        | Noticed a six-headed hydra
   705 | D        | Noticed a spiny frog
   705 | D        | Noticed a black mamba
   707 | D        | Killed a black mamba
   707 | D        | Reached **** piety under Makhleb
   724 | D        | Reached ***** piety under Makhleb
   724 | D        | Reached skill level 10 in Fighting
   727 | D        | Killed a seven-headed hydra
   727 | D        | Reached XP level 10. HP: 62/103 MP: 17/19
   728 | D        | Killed a spiny frog
  1001 | D        | Reached ****** piety under Makhleb
  1012 | D        | Noticed a spiny frog
  1015 | D        | Killed a spiny frog
  1026 | D        | Noticed an elephant
  1026 | D        | Noticed an elephant
  1026 | D        | Noticed an elephant
  1026 | D        | Noticed an elephant
  1026 | D        | Noticed an elephant
  1026 | D        | Noticed an elephant
  1037 | D        | Killed an elephant
  1046 | D        | Killed an elephant
  1053 | D        | Killed an elephant
  1054 | D        | Noticed an elephant
  1060 | D        | Killed an elephant
  1067 | D        | Killed an elephant
  1079 | D        | Killed an elephant
  1079 | D        | Reached skill level 15 in Evocations
  1079 | D        | Reached XP level 11. HP: 111/111 MP: 21/21
  1192 | D        | Noticed Gastronok
  1211 | D        | Killed Gastronok
  1343 | D        | Noticed an orc knight
  1343 | D        | Noticed an orc knight
  1363 | D        | Killed an orc knight
  1377 | D        | Killed an orc knight
  1385 | D        | Noticed an orc knight
  1396 | D        | Noticed an orc knight
  1408 | D        | Killed an orc knight
  1413 | D        | Killed an orc knight
  1655 | D        | Found Goikheam's Weapon Boutique.
  1655 | D        | Noticed an orc high priest
  1655 | D        | Noticed an orc high priest
  1655 | D        | Noticed an orc high priest
  1662 | D        | Killed an orc high priest
  1662 | D        | Killed an orc high priest
  1670 | D        | Killed an orc high priest
  1671 | D        | Found Witafede's Antique Weapon Shop.
  1674 | D        | Found Kinojonu's Magic Scroll Boutique.
  1681 | D        | Found Aroujod's Magic Scroll Shop.
  1710 | D        | Noticed an orc high priest
  1736 | D        | Killed an orc high priest
  1736 | D        | Reached skill level 15 in Armour
  1736 | D        | Reached skill level 15 in Shields
  1741 | D        | Reached XP level 12. HP: 123/123 MP: 22/22
  1758 | D        | Bought a twisted war axe for 246 gold pieces
  1760 | D        | Bought 3 scrolls of enchant armour for 225 gold pieces
  1760 | D        | Bought a scroll of fear for 35 gold pieces
  1760 | D        | Bought a scroll of identify for 20 gold pieces
  1760 | D        | Bought 2 scrolls of remove curse for 60 gold pieces
  1760 | D        | Bought a scroll of blinking for 75 gold pieces
  1760 | D        | Bought a scroll of random uselessness for 10 gold pieces
  1760 | D        | Bought a scroll of amnesia for 35 gold pieces
  1760 | D        | Bought a scroll of identify for 20 gold pieces
  1760 | D        | Bought a scroll of identify for 20 gold pieces
  1760 | D        | Bought a scroll of remove curse for 30 gold pieces
  1760 | D        | Bought a scroll of identify for 20 gold pieces
  1760 | D        | Bought a scroll of magic mapping for 35 gold pieces
  1760 | D        | Bought a scroll of immolation for 35 gold pieces
  1770 | D        | Bought a scroll of enchant armour for 82 gold pieces
  1770 | D        | Bought a scroll of enchant armour for 82 gold pieces
  1770 | D        | Bought a scroll of fog for 22 gold pieces
  1789 | D        | Identified the +8 war axe of the Demons {chop, rElec rF+ Str+7 Int-3} (You bought it in a shop in the Dungeon)
  1942 | D        | Noticed Maurice
  1958 | D        | Killed Maurice
  2056 | D        | Got the +4 shield of the Equator {MR+}
  2110 | D        | Reached skill level 15 in Axes
  2138 | D        | Noticed an ogre mage
  2139 | D        | Noticed a great orb of eyes
  2139 | D        | Noticed a yaktaur captain
  2150 | D        | Killed an ogre mage
  2154 | D        | Killed a great orb of eyes
  2160 | D        | Killed a yaktaur captain
  2191 | D        | Noticed Erolcha
  2199 | D        | Killed Erolcha
  2252 | D        | Noticed Saint Roka
  2284 | D        | Killed Saint Roka
  2340 | D        | Noticed a merfolk javelineer
  2341 | D        | Noticed a merfolk avatar
  2366 | D        | Killed a merfolk javelineer
  2366 | D        | Reached XP level 13. HP: 96/136 MP: 24/24
  2768 | D        | Noticed an emperor scorpion
  2778 | D        | Reached skill level 1 in Dodging
  2781 | D        | Reached skill level 1 in Throwing
  2782 | D        | Noticed an entropy weaver
  2798 | D        | Killed an emperor scorpion
  2818 | D        | Killed an entropy weaver
  3288 | D        | Noticed a thorn hunter
  3300 | D        | Killed a thorn hunter
  3300 | D        | Reached skill level 15 in Fighting
  3680 | D        | Noticed Rupert
  3682 | D        | Noticed Snorg
  3706 | D        | Killed Rupert
  3706 | D        | Reached skill level 5 in Dodging
  3713 | D        | Killed Snorg
  4030 | D        | Noticed a fire giant
  4030 | D        | Noticed a white very ugly thing
  4039 | D        | Killed a white very ugly thing
  4049 | D        | Reached skill level 5 in Throwing
  4054 | D        | Noticed a frost giant
  4057 | D        | Noticed an ettin
  4061 | D        | Killed a fire giant
  4061 | D        | Gained mutation: You resist negative energy. (rN+) [Deep Dwarf growth]
  4061 | D        | Reached XP level 14. HP: 118/148 MP: 23/23
  4072 | D        | Noticed a stone giant
  4077 | D        | Killed a frost giant
  4097 | D        | Killed a stone giant
  4117 | D        | Noticed a cyan very ugly thing
  4137 | D        | Killed a cyan very ugly thing
  4173 | D        | Noticed a vault warden
  4182 | D        | Killed a vault warden
  4209 | D        | Noticed a nagaraja
  4209 | D        | Noticed an Orb Guardian
  4217 | D        | Killed an Orb Guardian
  4231 | D        | Killed a nagaraja
  4245 | D        | Noticed an entropy weaver
  4246 | D        | Noticed a stone giant
  4248 | D        | Noticed an ironheart preserver
  4277 | D        | Killed an ironheart preserver
  4527 | D        | Killed an entropy weaver
  4844 | D        | Killed a stone giant
  5198 | D        | Noticed Frances
  5212 | D        | Killed Frances
  5231 | D        | Noticed Mara
  5233 | D        | Noticed Groucho's illusion
  5234 | D        | Noticed Margery
  5253 | D        | Reached XP level 15. HP: 162/162 MP: 20/20
  5261 | D        | Killed Margery
  5261 | D        | Reached skill level 10 in Dodging
  5266 | D        | Killed Mara
  5443 | D        | Got the +0 cloak "Pasoh" {MR- Str+2 Dex+9}
  5546 | D        | Noticed Boris
  5575 | D        | Killed Boris
  5871 | D        | Noticed a thorn hunter
  5920 | D        | Killed a thorn hunter
  5948 | D        | Reached skill level 10 in Throwing
  6474 | D        | Got a decaying rune of Zot
  6486 | D        | Noticed Ilsuiw
  6523 | D        | Killed Ilsuiw
  6589 | D        | Got a barnacled rune of Zot
  6692 | D        | Killed a ghost moth
  6692 | D        | Reached XP level 16. HP: 108/176 MP: 0/20
  6833 | D        | Got a gossamer rune of Zot
  6901 | D        | Got a serpentine rune of Zot
  6952 | D        | Noticed Frederick
  6953 | D        | Noticed a tengu reaver
  6955 | D        | Noticed Sojobo
  6959 | D        | Noticed a tengu reaver
  6967 | D        | Killed Frederick
  6977 | D        | Killed a tengu reaver
  6998 | D        | Killed Sojobo
  7013 | D        | Killed a tengu reaver
  7036 | D        | Noticed Donald
  7053 | D        | Killed Donald
  7105 | D        | Noticed Azrael
  7122 | D        | Killed Azrael
  7328 | D        | Reached skill level 15 in Dodging
  7409 | D        | Noticed a golden dragon
  7430 | D        | Killed a golden dragon
  7430 | D        | Reached XP level 17. HP: 190/190 MP: 22/22
  7558 | D        | Noticed a quicksilver dragon
  7558 | D        | Noticed a quicksilver dragon
  7566 | D        | Noticed an ancient lich
  7580 | D        | Killed a quicksilver dragon
  7602 | D        | Killed an ancient lich
  7615 | D        | Killed a quicksilver dragon
  7619 | D        | Noticed Ereshkigal
  7619 | D        | Noticed a greater mummy
  7635 | D        | Killed a greater mummy
  7645 | D        | Noticed a Brimstone Fiend
  7670 | D        | Paralysed by Ereshkigal for 6 turns
  7675 | D        | HP: 13/291 [Ereshkigal (18)]
  7678 | D        | Killed from afar by Ereshkigal

Skill      XL: |  1  2  3  4  5  6  7  8  9 10 11 12 13 14 15 16 17 |
---------------+----------------------------------------------------+-----
Evocations     | 5 6 8 10 11 13 15 17 19 20 21 22 24 25 | 25.3
Fighting       | 4 5 6 7 9 10 11 12 14 15 17 19 21 22 | 22.7
Axes           | 4 5 7 8 10 11 13 14 16 17 18 20 21 22 | 22.2
Armour         | 5 6 7 9 10 12 13 15 16 18 20 22 24 26 | 26.1
Shields        | 5 6 7 9 10 12 13 15 16 18 20 22 24 26 | 26.1
Dodging        | 6 9 12 15 16 | 16.6
Throwing       | 5 8 10 13 14 | 14.3

Action                   |  1- 3 |  4- 6 |  7- 9 | 10-12 | 13-15 | 16-18 || total
-------------------------+-------+-------+-------+-------+-------+-------++-------
Melee: War axe           |    33 |    40 |    30 |   383 |   655 |   491 ||  1632
Throw: Tomahawk          |       |       |       |     7 |       |     2 ||     9
       Javelin           |       |       |       |       |       |    12 ||    12
Invok: Major Destruction |       |       |       |       |     3 |       ||     3
 Abil: Device Recharging |       |       |     1 |     1 |     9 |     1 ||    12
Evoke: Wand              |     2 |       |     8 |     7 |    45 |     9 ||    71
  Use: Potion            |       |     1 |     5 |       |     6 |     4 ||    16
       Scroll            |       |       |       |       |     7 |       ||     7
 Stab: Confused          |       |       |       |       |     1 |       ||     1
  Eat: Chunk             |       |       |       |     2 |       |       ||     2
       Fruit             |       |       |       |     2 |       |       ||     2
       Pizza             |       |       |       |     1 |       |       ||     1
       Meat ration       |       |       |       |       |     4 |     1 ||     5
Armor: Scale mail        |    10 |    18 |    38 |    43 |       |       ||   109
       Plate armour      |       |       |       |    21 |   253 |    97 ||   371
Dodge: Dodged            |     8 |    13 |    18 |    45 |   231 |   124 ||   439
Block: Shield            |    21 |    27 |    20 |   148 |   526 |   300 ||  1042
